 Dungeon Crawl Stone Soup version 0.27-a0-562-g0d39f094a4 (webtiles) character file.

Game seed: 1582176268795758123

11174 shoop the Spear-Bearer (level 12, -1/94 HPs)
             Began as a Formicid Fighter on Mar 9, 2021.
             Was an Elder of Dithmenos.
             Killed from afar by an acid dragon (7 damage)
             ... with a splash of acid
             ... on level 10 of the Dungeon on Mar 12, 2021.
             The game lasted 00:29:17 (15168 turns).

shoop the Spear-Bearer (Formicid Fighter)          Turns: 15168, Time: 00:29:18

Health: -1/94      AC:  0    Str: 25    XL:     12   Next: 4%
Magic:  0/15       EV: 14    Int:  6    God:    Dithmenos [****..]
Gold:   768        SH: 12    Dex: 17    Spells: 11/11 levels left

rFire    + . .     SeeInvis +   a - +0 trident
rCold    . . .     Faith    .   c - +0 kite shield
rNeg     . . .     Spirit   +   d - +0 acid dragon scales
rPois    .         Reflect  .   (helmet unavailable)
rElec    .         Harm     .   F - +0 cloak
rCorr    +         Rampage  .   (no gloves)
Will     +....                  (no boots)
Stlth    ++........             K - amulet of guardian spirit
HPRegen  0.25/turn              u - +6 ring of dexterity
MPRegen  0.14/turn              (no ring)

@: corroded, attractive, wreathed by umbra
A: permanent stasis, dig shafts and tunnels, antennae 3, dopey 1, fire
resistance 1, evolution 1, four strong arms
a: Dig, Shaft Self, Renounce Religion, Shadow Step


You were on level 10 of the Dungeon.
You worshipped Dithmenos.
Dithmenos was greatly pleased with you.
You visited 2 branches of the dungeon, and saw 13 of its levels.
You also visited: Sewer.

You collected 768 gold pieces.

Inventory:

Hand Weapons
 a - a +0 trident (weapon)
Missiles
 h - 12 boomerangs
 j - 5 javelins
 x - 3 throwing nets
 C - 49 poisoned darts (quivered)
Armour
 b - a +0 scale mail
 c - a +0 kite shield (worn)
 d - +0 acid dragon scales (worn)
 F - a +0 cloak (worn)
Jewellery
 q - a ring of fire
 u - a +6 ring of dexterity (left hand)
 J - an amulet of faith
 K - an amulet of guardian spirit (around neck)
Wands
 s - a wand of iceblast (10)
 t - a wand of charming (16)
 v - a wand of mindburst (19)
 A - a wand of acid (5)
 H - a wand of paralysis (17)
Scrolls
 f - 3 scrolls of random uselessness {unknown}
 g - 2 scrolls of enchant armour {unknown}
 i - 3 scrolls of blinking
 k - 4 scrolls of teleportation {unknown}
 m - 5 scrolls of magic mapping
 y - a scroll of fear
 D - a scroll of summoning {unknown}
 E - 2 scrolls of fog {unknown}
 G - a scroll of enchant weapon
 L - a scroll of immolation
Potions
 e - 3 potions of resistance
 l - a potion of lignification
 n - 4 potions of attraction
 o - 4 potions of curing
 r - 3 potions of brilliance
 w - 3 potions of heal wounds
 B - 2 potions of magic
 I - a potion of flight
Miscellaneous
 p - a phantom mirror (inert)


   Skills:
 + Level 8.5 Fighting
 - Level 12.0 Polearms
 - Level 3.0 Throwing
 - Level 5.0 Armour
 - Level 5.0 Dodging
 - Level 0.2 Stealth
 - Level 9.0 Shields
 - Level 5.0 Invocations
 - Level 5.0 Evocations


You had 11 spell levels left.
You didn't know any spells.
Your spell library contained the following spells:

 Spells                   Type           Power      Damage    Failure   Level
 Freeze                   Ice            0%         1d3       52%         1
 Magic Dart               Conj           0%         1d3       52%         1
 Call Imp                 Summ           0%         N/A       65%         2
 Slow                     Hex            0%         N/A       65%         2
 Conjure Flame            Conj/Fire      0%         6-21      87%         3
 Frozen Ramparts          Ice            0%         1d2       87%         3
 Mephitic Cloud           Conj/Pois/Air  0%         N/A       87%         3
 Ozocubu's Armour         Ice            0%         N/A       87%         3
 Hailstorm                Conj/Ice       0%         3d3       99%         4
 Summon Ice Beast         Ice/Summ       0%         N/A       99%         4
 Blink                    Tloc           Unusable   N/A       N/A         2

Dungeon Overview and Level Annotations

Branches:
Dungeon (12/15)            Temple (1/1) D:5            Lair (0/6) D:8
  Sewer (visited)
    Orc: D:9-12

Altars:
Ashenzari
Cheibriados
Dithmenos
Elyvilon
Fedhas
Gozag
Hepliaklqana
Kikubaaqudgha
Nemelex Xobeh
Okawaru
Qazlal
Ru
Sif Muna
Trog
Uskayaw
Vehumet
Wu Jian
Xom
Yredelemnul
Zin
The Shining One

Shops:
D:6 (

Annotations:
D:10 1 transporter
D:11 Erolcha


Innate Abilities, Weirdness & Mutations

You cannot be hasted, slowed, berserked, paralysed or teleported.
You can dig through walls and to a lower floor.
You have a pair of large antennae on your head. (SInv)
Your four strong arms can wield two-handed weapons with a shield.
You are dopey. (Int -2)
Your flesh is heat resistant. (rF+)
You evolve.


Message History

The acid dragon is severely wounded.
The acid dragon bites you.
* * * LOW HITPOINT WARNING * * *
The acid dragon barely misses you. The acid dragon bites you!
* * * LOW HITPOINT WARNING * * *
You block the acid dragon's attack. The jelly is pulled toward you!
You feel much better.
The acid dragon bites you but does no damage.
You block the acid dragon's attack. The acid dragon spits acid at you.
The splash of acid hits you. You resist. The acid corrodes you!
You are splashed with acid.
You resist.
* * * LOW HITPOINT WARNING * * *
The acid dragon spits acid at you. The splash of acid hits you. You resist.
* * * LOW HITPOINT WARNING * * *
The acid corrodes you!
You are splashed with acid!
You resist.
* * * LOW HITPOINT WARNING * * *
The jelly is pulled toward you!
Unknown command.
You barely miss the acid dragon.
The acid dragon is severely wounded.
The acid dragon barely misses you. You block the acid dragon's attack. x2
The acid dragon closely misses you. The acid dragon bites you.
* * * LOW HITPOINT WARNING * * *
The acid dragon closely misses you. The jelly is pulled toward you!
Unknown command.
Unknown command.
As you read the scroll labelled WAUREH LASUA, it crumbles to dust.
Your stasis prevents you from teleporting.
It was a scroll of blinking.
The acid dragon completely misses you. You block the acid dragon's attack.
The acid dragon spits acid at you. The splash of acid hits you. You resist.
* * * LOW HITPOINT WARNING * * *
You are splashed with acid.
You resist.
* * * LOW HITPOINT WARNING * * *
The acid dragon spits acid at you. The splash of acid hits you! You resist.
You die...

#........##......#
#................# #####
##...............## #....
##...............# ######
#.###
##.........########☼.°.○ #.#
###.......#°°○○°☼#°○°○{# #.#
##......#○°°○°☼#°○°DD###.#
##.....#°J#.#.☼°☼○DD#...#
#....©#○D@D..°☼°○:J#©..#
##.....#○☼#D#.○○°○$D#..##
#..##..#°°○°°☼#○☼☼°○####
##.######°○○°°☼#°○☼°○#
##..#############○D○.°
#........###....######
#..........###...##
##...........###...#######
##.##...........##..#.....###


You could see 3 acid dragons and a jelly (fleeing).

Vanquished Creatures
  Erica (D:8)
  2 ugly things
  A cyclops (D:11)
  Maurice (D:8)
  Psyche (D:8)
  3 kobold demonologists (D:11)
  Maggie (D:8)
  A shadow (D:11)
  3 yaks (D:11)
  3 wyverns (D:9)
  A wraith (D:10)
  2 basilisks (D:8)
  Menkaure (D:5)
  2 acid dragons (D:10)
  5 ice beasts
  2 orc warriors
  An eye of draining (D:10)
  4 sky beasts
  2 black bears
  10 ogres
  4 centaurs
  2 phantoms
  8 kobold brigands
  3 bullfrogs
  A water moccasin zombie (D:7)
  A wyvern zombie (D:10)
  6 scorpions
  5 killer bees (D:10)
  8 howler monkeys
  A centaur zombie (D:9)
  A centaur skeleton (D:8)
  4 jellies
  5 orc priests
  A gnoll shaman (D:8)
  3 hounds
  Jessica (D:2)
  5 iguanas
  13 orc wizards
  8 worker ants
  2 hound zombies
  A worker ant zombie (D:8)
  4 gnolls (D:8)
  19 adders
  A river rat (Sewer)
  4 shadow imps
  4 white imps
  2 ufetubi
  9 oozes
  2 adder zombies (D:6)
  6 worms
  5 dart slugs
  6 leopard geckos
  45 orcs
  2 ball pythons
  A giant cockroach (D:3)
  5 goblins
  8 hobgoblins
  8 jackals
  4 quokkas
  4 bats
  6 frilled lizards
  23 kobolds
  2 quokka skeletons
  12 rats
312 creatures vanquished.

Vanquished Creatures (others)
  A wizard (D:4)
  A sky beast (D:11)
  An adder (D:8)
  7 plants (D:6)
10 creatures vanquished.

Grand Total: 322 creatures vanquished

Notes
Turn   | Place    | Note
-------+----------+-------------------------------------------
     0 | D:1      | shoop the Formicid Fighter began the quest for the Orb.
     0 | D:1      | Reached XP level 1. HP: 18/18 MP: 1/1
   153 | D:1      | Reached XP level 2. HP: 25/25 MP: 2/2
  1289 | D:2      | Reached XP level 3. HP: 30/30 MP: 3/3
  1368 | D:2      | Found a sparkling altar of Nemelex Xobeh.
  1368 | D:2      | Noticed Jessica
  1378 | D:2      | Killed Jessica
  1379 | D:2      | Reached XP level 4. HP: 26/37 MP: 4/4
  1491 | D:2      | Found a sparkling altar of Nemelex Xobeh.
  1857 | D:2      | Reached skill level 3 in Polearms
  1944 | D:2      | Found a blossoming altar of Fedhas.
  2279 | D:3      | Found a faded altar of an unknown god.
  2382 | D:3      | Found an ancient bone altar of Kikubaaqudgha.
  2387 | D:3      | Reached XP level 5. HP: 38/42 MP: 5/5
  2920 | D:4      | Reached XP level 6. HP: 32/48 MP: 6/6
  3010 | D:4      | Reached skill level 5 in Shields
  3018 | D:4      | Found a bloodstained altar of Trog.
  3054 | D:4      | Reached skill level 4 in Polearms
  3555 | D:4      | Reached XP level 7. HP: 54/54 MP: 7/7
  3897 | D:4      | Reached skill level 5 in Polearms
  3948 | D:4      | Found a bloodstained altar of Trog.
  3951 | D:4      | Noticed a wizard
  3956 | D:4      | Killed a wizard
  3996 | D:4      | Reached skill level 1 in Dodging
  4265 | D:5      | Entered Level 5 of the Dungeon
  4501 | D:5      | Found a staircase to the Ecumenical Temple.
  4506 | Temple   | Entered the Ecumenical Temple
  4528 | Temple   | Became a worshipper of Dithmenos the Shadowed
  4594 | D:5      | Reached skill level 6 in Polearms
  4594 | D:5      | Reached XP level 8. HP: 37/61 MP: 8/8
  4825 | D:5      | Noticed Menkaure
  4841 | D:5      | Killed Menkaure
  5436 | D:5      | Reached skill level 7 in Polearms
  5450 | D:5      | Found a sparkling altar of Nemelex Xobeh.
  6255 | D:6      | Reached XP level 9. HP: 61/66 MP: 9/9
  6255 | D:6      | Found a glowing drain.
  6264 | Sewer    | Entered a sewer
  6495 | Sewer    | Reached * piety under Dithmenos
  6713 | Sewer    | Reached skill level 8 in Polearms
  7212 | D:6      | Found Zonam's Weapon Emporium.
  7747 | D:7      | Reached skill level 9 in Polearms
  7976 | D:7      | Noticed a purple ugly thing
  8004 | D:7      | Killed a purple ugly thing
  8308 | D:7      | Found an iron altar of Okawaru.
  8336 | D:7      | Reached skill level 10 in Polearms
  8614 | D:7      | Found a shimmering altar of Xom.
  8614 | D:7      | Found a hazy altar of Hepliaklqana.
  8614 | D:7      | Found an ornate altar of the Wu Jian Council.
  8723 | D:7      | Reached XP level 10. HP: 71/73 MP: 10/10
  8830 | D:8      | Found a staircase to the Lair.
  8830 | D:8      | Noticed an elephant
  8847 | D:7      | You fall into a shaft and drop 2 floors!
  9547 | D:9      | Reached skill level 11 in Polearms
  9628 | D:8      | Reached ** piety under Dithmenos
 10132 | D:8      | Noticed Maurice
 10150 | D:8      | Killed Maurice
 10151 | D:8      | Reached skill level 12 in Polearms
 10151 | D:8      | Reached skill level 1 in Invocations
 10317 | D:8      | Reached skill level 1 in Evocations
 10353 | D:8      | Reached skill level 5 in Armour
 10464 | D:8      | Noticed Psyche
 10482 | D:8      | Killed Psyche
 10579 | D:8      | Found a hide-covered altar of Uskayaw.
 10689 | D:8      | Noticed Maggie
 10689 | D:8      | Noticed Erica
 10715 | D:8      | Killed Erica
 10716 | D:8      | Reached skill level 5 in Fighting
 10716 | D:8      | Reached skill level 1 in Throwing
 10716 | D:8      | Reached XP level 11. HP: 38/80 MP: 11/13
 10720 | D:8      | Killed Maggie
 11198 | D:8      | Found a glowing golden altar of the Shining One.
 11397 | D:8      | Found a shimmering blue altar of Sif Muna.
 12071 | D:10     | Entered Level 10 of the Dungeon
 12443 | D:10     | Reached *** piety under Dithmenos
 13216 | D:10     | Found a transporter.
 13268 | D:10     | Found a transporter.
 13701 | D:11     | Noticed a cyclops
 13737 | D:11     | Found a blossoming altar of Fedhas.
 13777 | D:11     | Reached skill level 5 in Invocations
 13999 | D:11     | Reached **** piety under Dithmenos
 14084 | D:11     | Reached skill level 5 in Evocations
 14426 | D:11     | Noticed Erolcha
 14539 | D:11     | Killed a cyclops
 14540 | D:11     | Reached skill level 5 in Dodging
 14860 | D:12     | Noticed a green ugly thing
 14942 | D:12     | Killed a green ugly thing
 14943 | D:12     | Reached XP level 12. HP: 63/93 MP: 10/15
 15149 | D:10     | Gained mutation: You are dopey. (Int -2) [potion of
                  | mutation]
 15149 | D:10     | Gained mutation: You evolve. [potion of mutation]
 15149 | D:10     | Gained mutation: Your flesh is heat resistant. (rF+)
                  | [potion of mutation]
 15168 | D:10     | Killed from afar by an acid dragon

Illustrated notes

Levels and vault maps discovered:
D:1:      psy_arrival_radial01, layout_basic, serial_forest,
          infiniplex_forest_side_room, infiniplex_forest_straight_4,
          infiniplex_forest_clump_double, infiniplex_forest_straight_2,
          infiniplex_forest_end_3, infiniplex_forest_end_2,
          infiniplex_forest_straight_2, minmay_domino_2
D:2:      layout_basic, nicolae_overflow_crystal_walls, lemuel_crystal_altar,
          chequers_serial_rivers_micro_c, nemelex_lonely_heart_becter
D:3:      layout_loops_cross, lemuel_round_altar,
          chequers_ecumenical_altar_island
D:4:      wad_crossroads, layout_rooms, overflow_temple_1_default, trog_wizard
D:5:      layout_loops_ring, minmay_temple_entry_glassed_door,
          nemelex_dance_club_becter, uniq_menkaure
D:6:      kennysheep_six_static_rooms, layout_rooms, portal_sewer_entry_d,
          serial_shops, shop, palyth_stone_intersect, minivault_10,
          lexackson_kobold_supper
D:7:      layout_basic, gammafunk_temple_overflow_forgotten,
          general_overflow_altar
D:8:      layout_cave_pools, tgw_sif, kennysheep_little_box, david_lair_generic,
          basic_altar, grunt_ministairs_5, uniq_maggie, uniq_erica, uniq_psyche,
          uniq_maurice
D:9:      layout_layer_cave, minmay_misc_feat_diagonals, st_stairs_11
D:10:     gammafunk_cloud_chamber, layout_cave_pods
D:11:     layout_loops_ring, fedhas_altar_2, uniq_erolcha
D:12:     layout_stronghold, hiddenorc2_lemuel
Temple:   minmay_temple_bridge_abc

Skill      XL: |  1  2  3  4  5  6  7  8  9 10 11 |
---------------+----------------------------------+-----
Shields        | 4 5 6 7 9 |  9.0
Polearms       | 3 4 6 7 10 12 | 12.0
Fighting       | 4 5 8 |  8.5
Armour         | 4 5 |  5.0
Dodging        | 1 2 5 |  5.0
Invocations    | 2 5 |  5.0
Evocations     | 2 5 |  5.0
Throwing       | 1 3 |  3.0
Stealth        | |  0.2

Action                   |  1- 3 |  4- 6 |  7- 9 | 10-12 || total
-------------------------+-------+-------+-------+-------++-------
Melee: Trident           |    63 |   252 |   547 |   884 ||  1746
Throw: Dart              |       |       |     2 |     9 ||    11
       Throwing net      |       |       |     1 |       ||     1
 Abil: Dig               |       |     1 |     1 |     4 ||     6
       Shaft Self        |       |       |       |     1 ||     1
Evoke: Wand              |       |     1 |     4 |     5 ||    10
       Phantom mirror    |       |       |       |     1 ||     1
  Use: Scroll            |       |       |    10 |     5 ||    15
       Potion            |       |       |       |     6 ||     6
 Stab: Sleeping          |       |       |       |     5 ||     5
       Distracted        |       |       |       |     1 ||     1
       Fleeing           |       |       |       |     1 ||     1
Armor: Scale mail        |    13 |    74 |    65 |    50 ||   202
       Acid dragon scale |       |       |       |    58 ||    58
Dodge: Dodged            |    15 |    55 |    99 |   210 ||   379
Block: Kite shield       |    24 |   109 |   192 |   325 ||   650

Table legend: (Time is in decaauts)
 A = Elapsed time spent in this place.
 B = Non-inter-level travel time spent in this place.
 C = Inter-level travel time spent in this place.
 D = Time resting spent in this place.
 E = Time spent auto-exploring this place.
 F = Levels seen in this place.
 G = Mean time per level.
                   A        B        C        D        E       F      G
               +--------+--------+--------+--------+--------+-----+--------+
         Total |  15149 |  14595 |    554 |    796 |  11176 |  14 | 1082.1 |
       Dungeon |  14030 |  13497 |    533 |    693 |  10503 |  12 | 1169.2 |
        Temple |     43 |     22 |     21 |      0 |     12 |   1 |   43.0 |
         Sewer |   1075 |   1075 |      0 |    102 |    660 |   1 | 1075.0 |
               +--------+--------+--------+--------+--------+-----+--------+

Top non-repeatable levels by time:
     D:8: 1799 daAuts
    D:10: 1740 daAuts
     D:4: 1613 daAuts
     D:9: 1343 daAuts
     D:1: 1286 daAuts
     D:5: 1276 daAuts
     D:7: 1115 daAuts
    D:11: 1082 daAuts
   Sewer: 1075 daAuts
     D:6: 973 daAuts
     D:3: 862 daAuts
     D:2: 825 daAuts
    D:12: 112 daAuts
  Temple: 43 daAuts
